 Dungeon Crawl Stone Soup version 0.29-a0-323-g050149af67 (webtiles) character file.

Game seed: 6249121023460632732

1752 Jortsu the Ruffian (level 8, 0/78 HPs)
             Began as a Troll Fighter on Apr 12, 2022.
             Was an Initiate of Yredelemnul.
             Succumbed to a gnoll's poison
             ... on level 6 of the Dungeon.
             The game lasted 00:12:28 (4153 turns).

Jortsu the Ruffian (Troll Fighter)                  Turns: 4153, Time: 00:12:29

Health: 0/78       AC:  6    Str: 25    XL:     8   Next: 78%
Magic:  7/7        EV: 11    Int:  4    God:    Yredelemnul [......]
Gold:   286        SH:  0    Dex: 11    Spells: 7/7 levels left

rFire   . . .      SeeInvis .   t - +1 giant club
rCold   . . .      Faith    .   (shield currently unavailable)
rNeg    . . .      Spirit   .   a - +0 robe
rPois   .          Reflect  .   (helmet restricted)
rElec   .          Harm     .   o - +1 cloak {Will+}
rCorr   .          Rampage  .   (gloves unavailable)
Will    +....                   (boots unavailable)
Stlth   +.........              (no amulet)
HPRegen 1.03/turn               (no ring)
MPRegen 0.10/turn               (no ring)

@: lethally poisoned (0 -> -11)
A: large, unfitting armour, claws 3, regeneration 1, shaggy fur 1, tough skin 1
a: Renounce Religion, Recall Undead Harvest


You were on level 6 of the Dungeon.
You worshipped Yredelemnul.
Yredelemnul was noncommittal.
You visited 1 branch of the dungeon, and saw 6 of its levels.
You also visited: Sewer.

You collected 286 gold pieces.

Inventory:

Hand Weapons
 t - a +1 giant club (weapon)
Armour
 a - a +0 robe (worn)
 i - a +0 tower shield
 o - a +1 cloak of willpower (worn)
Wands
 c - a wand of flame (10)
 f - a wand of acid (5)
 q - a wand of iceblast (7)
Scrolls
 b - 2 scrolls of teleportation
Potions
 d - 2 potions of mutation
 e - a potion of flight
 g - 4 potions of curing
 h - 3 potions of invisibility
 k - 3 potions of heal wounds
 l - 2 potions of lignification {unknown}
 m - 2 potions of haste {unknown}
 n - 2 potions of attraction {unknown}
 s - 4 potions of might
 u - 3 potions of brilliance {unknown}


   Skills:
 + Level 4.0 Fighting
 + Level 4.7 Maces & Flails
 + Level 5.0 Dodging
 + Level 1.1 Stealth
 + Level 4.3 Shields
 + Level 5.7 Unarmed Combat
 + Level 0.3 Invocations


You had 7 spell levels left.
You didn't know any spells.
Your spell library contained the following spells:

 Spells                   Type           Power      Damage    Failure   Level
 Static Discharge         Conj/Air       0%         N/A       65%         2
 Lightning Bolt           Conj/Air       0%         1d11      100%        5
 Maxwell's Capacitive Co  Air            0%         ∞         100%        8


Dungeon Overview and Level Annotations

Branches:
Dungeon (6/15)              Sewer (visited)
 Temple: D:4-7

Altars:
Cheibriados
Fedhas
Kikubaaqudgha
Okawaru
Wu Jian
Yredelemnul

Shops:
D:1 [   D:2 *   D:4 [


Innate Abilities, Weirdness & Mutations

You are too large for most types of armour.
You have claws for hands.
Your natural rate of healing is unusually fast.
You are covered in fur. (AC +1)
You have tough skin. (AC +1)


Message History

A gnoll comes into view. It is wielding a +0 flail.
The orc shouts!
The gnoll barely misses you.
The gnoll hits you from afar with a +2 spear of freezing.
The gnoll freezes you.
The gnoll sergeant hits you from afar with a +0 spear.
An iguana comes into view.
Your centaur zombie barely misses the gnoll.
Your centaur zombie kicks the gnoll.
The gnoll attacks as you move away! The gnoll barely misses you.
The gnoll hits you with a +2 spear of freezing.
The gnoll freezes you.
The gnoll hits you from afar with a +2 halberd of venom.
The gnoll sergeant hits you with a +0 spear.
The gnoll attacks as you move away! The gnoll barely misses you. x2
The gnoll sergeant hits you from afar with a +0 spear!
Your centaur zombie closely misses the gnoll.
Your centaur zombie kicks the gnoll.
The gnoll hits you from afar with a +2 halberd of venom!
You are poisoned.
Your centaur zombie hits the gnoll sergeant.
Your centaur zombie kicks the gnoll sergeant but does no damage.
You feel very sick.
Your centaur zombie hits the gnoll.
Your centaur zombie kicks the gnoll but does no damage.
The gnoll hits you from afar with a +2 halberd of venom!
You are more poisoned.
The gnoll attacks as you move away! The gnoll hits you with a +0 flail!
* * * LOW HITPOINT WARNING * * *
x2 You feel extremely sick.
Your centaur zombie hits the gnoll sergeant but does no damage.
Your centaur zombie kicks the gnoll sergeant.
The gnoll attacks as you move away! The gnoll hits you with a +0 flail.
* * * LOW HITPOINT WARNING * * *
x2 You feel very sick.
Your centaur zombie hits the gnoll.
Your centaur zombie barely misses the gnoll.
Your centaur zombie hits the orc.
Your centaur zombie kicks the orc.
You die...
Your body rises from the dead as a mindless zombie.

##########
#...<....#
#...@....#####.
#.............#
#!.g...)......#
#ggg..........#
#g.g..........#
+.o...........#
#..Z.....######
#l.....?.+
......?....#


You could see a gnoll sergeant, an iguana, 5 gnolls, an orc (distracted) and a
friendly centaur zombie.

Vanquished Creatures
  Grinder (D:3)
  Sigmund (D:3)
  2 ogres
  A centaur (D:6)
  3 kobold brigands (Sewer)
  A necrophage (D:5)
  A gnoll sergeant (D:4)
  A scorpion (D:4)
  A vampire bat (D:5)
  A jelly (D:4)
  Crazy Yiuf (D:3)
  2 iguanas (D:5)
  Natasha (thrice) (D:2)
  2 orc wizards (D:5)
  6 gnolls
  5 adders
  4 river rats
  A shadow imp (D:5)
  An ufetubus (D:5)
  A worm (D:5)
  A dart slug (D:1)
  An orc (D:3)
  3 bats
  A bat skeleton (D:5)
  8 endoplasms
  7 giant cockroaches
  5 goblins
  3 hobgoblins
  6 jackals
  19 kobolds
  2 quokkas
  6 ball pythons
  4 frilled lizards
  15 rats
120 creatures vanquished.

Vanquished Creatures (collateral kills)
  A black bear (D:5)
  A necrophage (D:5)
  A necrophage zombie (D:5)
  3 gnolls
  5 adders
  A river rat (Sewer)
  3 orcs
  3 bat skeletons (D:5)
  2 bat zombies (D:5)
  An endoplasm (D:4)
  A giant cockroach (D:2)
  A goblin (D:4)
  3 kobolds (Sewer)
  5 ball pythons
  2 bats (D:3)
  7 rats (Sewer)
40 creatures vanquished.

Vanquished Creatures (others)
  2 adder zombies
  2 bat zombies (D:3)
  A river rat zombie (Sewer)
  2 ball python zombies (Sewer)
  3 gnoll zombies
  A goblin zombie (D:4)
  A hobgoblin zombie (D:3)
  5 kobold zombies (Sewer)
  4 rat zombies (Sewer)
  2 spectral endoplasms
  A spectral ufetubus (D:5)
  A demonic plant (D:2)
25 creatures vanquished.

Grand Total: 185 creatures vanquished

Notes
Turn   | Place    | Note
-------+----------+-------------------------------------------
     0 | D:1      | Jortsu the Troll Fighter began the quest for the Orb.
     0 | D:1      | Reached XP level 1. HP: 22/22 MP: 0/0
    61 | D:1      | Found Adghaseusk's Antique Armour Boutique.
   115 | D:1      | Reached XP level 2. HP: 29/29 MP: 1/1
   689 | D:2      | Noticed Natasha
   699 | D:2      | Killed Natasha
   700 | D:2      | Reached XP level 3. HP: 32/36 MP: 2/2
   711 | D:2      | Noticed Natasha
   721 | D:2      | Killed Natasha
   722 | D:2      | Reached XP level 4. HP: 34/44 MP: 3/3
   755 | D:2      | Found an ornate altar of the Wu Jian Council.
   763 | D:2      | Found Bivukhla's General Store.
   912 | D:2      | Noticed Natasha
   916 | D:2      | Killed Natasha
   941 | D:2      | Identified the +0 pair of gloves of Darkness {rElec rF++}
  1028 | D:2      | Noticed a cacodemon
  1029 | D:2      | Found a faded altar of an unknown god.
  1037 | D:2      | Prayed at the altar of an unknown god.
  1037 | D:2      | Became a worshipper of Yredelemnul the Dark
  1037 | D:2      | Reached * piety under Yredelemnul
  1284 | D:3      | Reached XP level 5. HP: 49/52 MP: 4/4
  1427 | D:3      | Noticed Grinder
  1440 | D:3      | Killed Grinder
  1441 | D:3      | Reached XP level 6. HP: 22/61 MP: 5/5
  1580 | D:3      | Reached ** piety under Yredelemnul
  1735 | D:3      | Found a runed translucent door.
  1736 | D:3      | Noticed Crazy Yiuf
  1752 | D:3      | Killed Crazy Yiuf
  1931 | D:3      | Noticed Sigmund
  1938 | D:3      | Killed Sigmund
  1939 | D:3      | Reached skill level 5 in Unarmed Combat
  1939 | D:3      | Reached XP level 7. HP: 47/67 MP: 6/6
  2259 | D:4      | Reached skill level 1 in Stealth
  2378 | D:4      | Found a blossoming altar of Fedhas.
  2459 | D:4      | Found a large runed translucent door.
  2481 | D:4      | Found a large runed translucent door.
  2656 | D:4      | Found Zuko's Antique Armour Boutique.
  2776 | D:4      | Found a snail-covered altar of Cheibriados.
  2791 | D:4      | Found an iron altar of Okawaru.
  2839 | D:5      | Entered Level 5 of the Dungeon
  2906 | D:5      | Reached skill level 1 in Maces & Flails
  3040 | D:5      | Reached XP level 8. HP: 69/75 MP: 7/7
  3071 | D:5      | Found an ancient bone altar of Kikubaaqudgha.
  3168 | D:5      | Reached *** piety under Yredelemnul
  3373 | D:5      | Found a glowing drain.
  3381 | Sewer    | Entered a sewer
  3703 | Sewer    | Reached skill level 5 in Dodging
  4153 | D:6      | Succumbed to a gnoll's poison

Illustrated notes

Levels and vault maps discovered:
D:1:      zelgadis_glass_arrival_small, layout_loops_ring, serial_shops,
          nicolae_shop_hallway_stairs, minmay_misc_feat_ornament
D:2:      layout_rooms, serial_shops, shop_coins, basic_altar,
          dreamdust_ecumenical_altar_sealed_demon, grunt_ministairs_3,
          uniq_natasha
D:3:      layout_basic, minmay_fractal_squares_gapless_5, uniq_sigmund,
          uniq_grinder, uniq_crazy_yiuf_cottage
D:4:      layout_basic, jmf_multi_god_temple2, fedhas_ov_isle_minmay,
          serial_shops, kennysheep_little_box
D:5:      layout_loops_cross, kennysheep_vampire_church,
          lightli_sewer_entry_pipes, kennysheep_pointless_box, nrook_uturn
D:6:      layout_gridville, eino_tiny_chamber

Skill      XL: |  1  2  3  4  5  6  7  8 |
---------------+-------------------------+-----
Dodging        | 3 4 5 |  5.0
Unarmed Combat | 3 4 5 |  5.7
Shields        | 3 4 |  4.3
Fighting       | 3 4 |  4.0
Stealth        | 1 |  1.1
Maces & Flails | 2 4 |  4.7
Invocations    | |  0.3

Action                   |  1- 3 |  4- 6 |  7- 9 || total
-------------------------+-------+-------+-------++-------
Melee: Unarmed           |    67 |    71 |    30 ||   168
       Giant club        |       |       |   218 ||   218
Invok: Dark Bargain      |       |       |     2 ||     2
  Use: Scroll            |     3 |     3 |     8 ||    14
       Potion            |       |     1 |     1 ||     2
 Stab: Sleeping          |     1 |     2 |     1 ||     4
Armor: Robe              |    25 |    26 |   186 ||   237
Dodge: Dodged            |    29 |    26 |   232 ||   287
Block: Kite shield       |    20 |     9 |       ||    29
       Tower shield      |       |    32 |    31 ||    63

Table legend: (Time is in decaauts)
 A = Elapsed time spent in this place.
 B = Non-inter-level travel time spent in this place.
 C = Inter-level travel time spent in this place.
 D = Time resting spent in this place.
 E = Time spent auto-exploring this place.
 F = Levels seen in this place.
 G = Mean time per level.
                   A        B        C        D        E       F      G
               +--------+--------+--------+--------+--------+-----+--------+
         Total |   4324 |   4219 |    105 |    160 |   2283 |   7 |  617.7 |
       Dungeon |   3853 |   3748 |    105 |    124 |   2216 |   6 |  642.2 |
         Sewer |    471 |    471 |      0 |     36 |     67 |   1 |  471.0 |
               +--------+--------+--------+--------+--------+-----+--------+

Top non-repeatable levels by time:
     D:3: 980 daAuts
     D:5: 952 daAuts
     D:4: 722 daAuts
     D:1: 693 daAuts
     D:2: 490 daAuts
   Sewer: 471 daAuts
     D:6: 14 daAuts
